 Dungeon Crawl Stone Soup version 0.21.1-1-g345015f (webtiles) character file.

65 inc the Vexing (level 3, 0/14 HPs)
             Began as a Felid Enchanter on Mar 11, 2018.
             Slain by a jackal (2 damage)
             ... on level 2 of the Dungeon.
             The game lasted 00:02:27 (1532 turns).

inc the Vexing (Felid Enchanter)                    Turns: 1532, Time: 00:02:27

Health: 0/14       AC:  1    Str:  4    XL:     3   Next: 94%
Magic:  1/7        EV: 18    Int: 17    God:
Gold:   123        SH:  0    Dex: 16    Spells: 3/6 levels left
                                        Lives:  0   Deaths: 0

rFire    . . .     SeeInvis +     - Unarmed
rCold    . . .     Gourm    .   (shield unavailable)
rNeg     . . .     Faith    .   (armour unavailable)
rPois    .         Spirit   .   (helmet unavailable)
rElec    .         Reflect  .   (cloak unavailable)
rCorr    .         Harm     .   (gloves unavailable)
MR       .....                  (boots unavailable)
Stlth    +++.......             (no amulet)
HPRegen  0.04/turn              (no ring)
MPRegen  0.10/turn              (no ring)

@: very slightly contaminated, quick
A: very small, no armour, no weapons or thrown items, stealth, claws 1, fangs 3,
see invisible, carnivore, speed 1, shaggy fur 1, slow metabolism 1, sharp paws
a: no special abilities


You were on level 2 of the Dungeon.
You were not hungry.

You visited 1 branch of the dungeon, and saw 2 of its levels.

You collected 123 gold pieces.

Inventory:

Jewellery
 k - an uncursed amulet of faith {unknown}
Scrolls
 c - a scroll of remove curse {unknown}
 d - a scroll of blinking {unknown}
 f - a scroll of magic mapping {unknown}
 g - 3 scrolls of enchant armour {unknown}
 h - a scroll of fog {unknown}
 j - 3 scrolls of identify {unknown}
Potions
 e - a potion of agility {unknown}
 i - a potion of curing {unknown}
 l - a potion of degeneration {unknown}
Books
 a - a book of Maledictions

   Spells                             Type                      Level
   a - Corona                         Hexes                        1
   b - Ensorcelled Hibernation        Hexes/Ice                    2
   c - Confuse                        Hexes                        3
   d - Tukima's Dance                 Hexes                        3
   e - Dazzling Spray                 Conjuration/Hexes            3
Comestibles
 b - 2 rations


   Skills:
 - Level 2.6 Dodging
 - Level 4.0 Stealth
 + Level 3.9 Unarmed Combat
 - Level 2.0 Spellcasting
 - Level 4.4 Hexes


You had 3 spell levels left.
You knew the following spells:

 Your Spells              Type           Power        Failure   Level  Hunger
a - Corona                Hex            ###....      3%          1    #......
b - Ensorcelled Hibernat  Hex/Ice        #.....       12%         2    ###....


Dungeon Overview and Level Annotations

Branches:
Dungeon (2/15)

Altars:
Elyvilon


Innate Abilities, Weirdness & Mutations

You cannot wear armour.
You are incapable of wielding weapons or throwing items.
Your paws allow you to move quietly. (Stealth)
You have sharp claws.
You have razor-sharp teeth.
You have supernaturally acute eyesight. (SInv)
You are carnivorous and can eat meat at any time.
You cover ground quickly.
You are covered in fur. (AC +1)
You have a slow metabolism.
Your sharp claws are effective at attacking unaware monsters.


Message History

The jackal closely misses you. The jackal bites you. x2
* * * LOW HITPOINT WARNING * * *
The jackal bites you but does no damage.
You miss the jackal. Your bite misses the jackal.
The jackal is severely wounded.
The jackal closely misses you. The jackal misses you.
Casting: Ensorcelled Hibernation
Confirm with . or Enter, or press ? or * to list all spells.
Aiming: Ensorcelled Hibernation
Press: ? - help, Shift-Dir - straight line, f - jackal, p - jackal
Aim: a jackal (chance to defeat MR: 58%)
The jackal looks drowsy...
The jackal barely misses you.
You pounce on the unaware helpless jackal!
You claw the jackal!
You kill the jackal!
The jackal misses you. The jackal completely misses you.
You miss the jackal.
The jackal is severely wounded.
The jackal bites you.
You die...

....# ....# ....#
########## ....#
.........##### ##)...#
.##...##.....####..>..#
................#.....#
.##.#.###########h.####
.#..#...# ####..@†.#
...####.###......#.#
.............#...#.#
...####...<.##.<.#.#
.........#.........#
.#......##.........#
###....###.........####
#.....................#
......................#


You could see a jackal.

Vanquished Creatures
  An adder (D:2)
  An ooze (D:1)
  4 dart slugs
  3 leopard geckos (D:2)
  2 giant cockroaches (D:2)
  6 goblins
  6 hobgoblins
  A jackal (D:2)
  4 bats (D:1)
  3 frilled lizards (D:1)
  A jackal skeleton (D:2)
  4 kobolds (D:1)
  5 rats
41 creatures vanquished.

Notes
Turn   | Place    | Note
-------+----------+-------------------------------------------
     0 | D:1      | inc the Felid Enchanter began the quest for the Orb.
     0 | D:1      | Reached XP level 1. HP: 7/7 MP: 4/4
   320 | D:1      | Reached XP level 2. HP: 11/11 MP: 4/6
   324 | D:1      | Learned a level 2 spell: Ensorcelled Hibernation
   698 | D:1      | Reached XP level 3. HP: 14/14 MP: 4/7
  1413 | D:2      | Found a white marble altar of Elyvilon.
  1532 | D:2      | Slain by a jackal

Skill      XL: |  1  2 |
---------------+-------+-----
Unarmed Combat | 2 3 |  3.9
Dodging        | |  2.6
Stealth        | |  4.0
Spellcasting   | |  2.0
Hexes          | |  4.4

Action                   || total
-------------------------++-------
Melee: Unarmed           ||    94
       Bite              ||     4
 Cast: Corona            ||     3
       Ensorcelled Hiber ||    31
 Stab: Sleeping          ||    29
  Eat: Chunk             ||     5
Armor: Skin              ||     5
Dodge: Dodged            ||   100
